 Dungeon Crawl Stone Soup version 0.25.1-2-g60ff931df9 (webtiles) character file.

Game seed: 14975405893017700951

46986 Johnny the Geomancer (level 13, -5/86 HPs)
             Began as a Demigod Earth Elementalist on Oct 31, 2020.
             Slain by a spiny frog (15 damage)
             ... on level 3 of the Lair of Beasts.
             The game lasted 00:27:09 (20938 turns).

Johnny the Geomancer (Demigod Earth Elementalist)  Turns: 20938, Time: 00:27:09

Health: -5/86      AC: 14    Str: 11    XL:     13   Next: 69%
Magic:  5/35       EV: 12    Int: 27    God:
Gold:   1521       SH:  7    Dex: 16    Spells: 25/38 levels left

rFire    . . .     SeeInvis +   h - +3 short sword (drain)
rCold    . . .     Gourm    .   C - +0 buckler
rNeg     . . .     Faith    .   K - +4 troll leather armour
rPois    +         Spirit   .   N - +2 helmet {SInv}
rElec    .         Reflect  .   T - scarf {+Inv}
rCorr    .         Harm     .   l - +2 pair of gloves
MR       ++...                  (no boots)
Stlth    ++........             L - amulet of the acrobat
HPRegen  0.64/turn              u - ring of poison resistance
MPRegen  0.24/turn              s - ring of protection from magic

@: no status effects
A: high mp 1
a: Evoke Invisibility


You were on level 3 of the Lair of Beasts.
You were not hungry.

You visited 3 branches of the dungeon, and saw 17 of its levels.
You also visited: Sewer and Volcano.

You collected 2190 gold pieces.
You spent 669 gold pieces at shops.

Inventory:

Hand Weapons
 h - a +3 short sword of draining (weapon)
Missiles
 b - 135 stones (quivered)
Armour
 l - a +2 pair of gloves (worn)
 x - a +2 ring mail of positive energy
 C - a +0 buckler (worn)
 K - a +4 troll leather armour (worn)
 N - a +2 helmet of see invisible (worn)
 T - a scarf of invisibility (worn)
Magical Staves
 Q - an uncursed staff of wizardry
Jewellery
 s - a ring of protection from magic (right hand)
 u - a ring of poison resistance (left hand)
 L - an amulet of the acrobat (around neck)
Wands
 c - a wand of polymorph (9)
 v - a wand of random effects (30)
 G - a wand of flame (25)
 R - a wand of disintegration (5)
Scrolls
 i - 13 scrolls of remove curse
 j - 3 scrolls of noise
 k - 4 scrolls of blinking
 n - 2 scrolls of immolation
 r - a scroll of identify
 y - a scroll of amnesia
 B - a scroll of magic mapping
 F - a scroll of fog {unknown}
 H - a scroll of random uselessness {unknown}
 O - a scroll of brand weapon {unknown}
Potions
 a - a potion of ambrosia {unknown}
 e - 2 potions of mutation {unknown}
 f - 2 potions of invisibility
 g - 2 potions of resistance {unknown}
 m - 3 potions of might
 p - 2 potions of haste {unknown}
 q - 6 potions of curing
 t - 2 potions of cancellation {unknown}
 w - 2 potions of flight {unknown}
 z - 3 potions of stabbing {unknown}
 A - 2 potions of brilliance {unknown}
 D - 4 potions of lignification {unknown}
 E - 2 potions of heal wounds {unknown}
 I - a potion of magic {unknown}
 J - a potion of experience {unknown}
Comestibles
 d - 31 rations
 o - 4 chunks of flesh


   Skills:
 - Level 1.7 Dodging
 - Level 1.7 Stealth
 + Level 10.4 Shields
 * Level 13.2 Spellcasting
 - Level 0.8 Transmutations
 + Level 13.9 Earth Magic


You had 25 spell levels left.
You knew the following spells:

 Your Spells              Type           Power        Failure   Level  Hunger
a - Sandblast             Erth           ######       0%          1    None
b - Stone Arrow           Conj/Erth      ######       1%          3    None
c - Lee's Rapid Deconstr  Erth           #######...   1%          5    ##.....
d - Petrify               Tmut/Erth      ######..     1%          4    None

Your spell library contained the following spells:

 Spells                   Type           Power        Failure   Level  Hunger
 Passwall                 Tmut/Erth      ######..     1%          2    None
 Beastly Appendage        Tmut           ###...       2%          1    None
 Sting                    Tmut/Pois      ###.         3%          1    None
 Freeze                   Ice            ###.         4%          1    None
 Sticks to Snakes         Tmut           ###.....     4%          2    None
 Poisonous Vapours        Pois/Air       ###...       6%          2    None
 Ignite Poison            Fire/Tmut/Pois ###.....     11%         3    None
 Spider Form              Tmut/Pois      ###.......   11%         3    None
 Conjure Flame            Conj/Fire      ###.....     12%         3    None
 Frozen Ramparts          Ice            ###...       12%         3    None
 Mephitic Cloud           Conj/Pois/Air  ###.....     12%         3    None
 Ozocubu's Armour         Chrm/Ice       ###.....     12%         3    None
 Ice Form                 Ice/Tmut       ###.....     34%         4    None
 Hailstorm                Conj/Ice       ###.....     38%         4    None
 Olgreb's Toxic Radiance  Pois           ###.....     38%         4    None
 Summon Ice Beast         Ice/Summ       ###.....     38%         4    None
 Blade Hands              Tmut           ###.......   61%         5    ##.....
 Freezing Cloud           Conj/Ice/Air   ###.......   99%         6    ####...
 Ring of Flames           Chrm/Fire      ###.......   100%        7    ######.


Dungeon Overview and Level Annotations

Branches:
Dungeon (12/15)            Temple (0/1) D:5            Lair (3/6) D:8
  Snake (0/4) Lair:3          Orc (2/2) D:11            Elf (0/3) Orc:2
  Sewer (visited)         Volcano (visited)
  Swamp: Lair:2-4    Shoals: Lair:2-4

Shops:
D:9 [   Orc:2 }[*%

Annotations:
D:4 3 runed translucent doors, pepi55's ghost, novice DrFE
D:12 Azrael


Innate Abilities, Weirdness & Mutations

You have an increased reservoir of magic. (+10% MP)


Message History

Casting: Sandblast (safe; 0% risk of failure)
Confirm with . or Enter, or press ? or * to list all spells.
Aiming: Sandblast (safe; 0% risk of failure)
Press: ? - help, Shift-Dir - straight line, f - spiny frog
Aim: a spiny frog The blast of sand hits the spiny frog but does no damage.
b - 136 stones You block the spiny frog's attack.
Unknown command.
You feel better. You block the spiny frog's attack.
Casting: Sandblast (safe; 0% risk of failure)
Confirm with . or Enter, or press ? or * to list all spells.
Aiming: Sandblast (safe; 0% risk of failure)
Press: ? - help, Shift-Dir - straight line, f/p - spiny frog
Aim: a spiny frog The blast of sand hits the spiny frog!
The spiny frog is moderately wounded.
b - 135 stones The spiny frog stings you!
You die...

******,,***** ***#..,**
**,,.#*##,* ###..,*
****,+*..##.*** #...#,*
*,,,,,,......,* ###...#######
*,,,,,,......#* #...........#
*,,,,,,.<.....###......####.###
*,,,,,,......#.###..^.##PP≈..≈P
**,,,,,,......††P##....#≈≈.P.≈.≈
*,,,,,,,,,,,,,#@F.#....#♣P♣♣.♣♣♣
**,,,,,,,,,,,,#........#♣≈♣...♣.
*****,*+,,,**###.#.........>...
***,***** ##(..#.#≈♣♣.÷.♣.
*,**,,* #####.#≈≈♣♣.♣♣≈ *,,,,**
*..#P≈≈≈.≈≈P *** *****,*,**
*,###≈≈P.≈♣≈ *,***,**,,,,,*
**,**####.##* **,,,,,,,,,,,,****
**,+,*,,##..##


You could see a spiny frog.

Vanquished Creatures
  Rupert (Orc:2)
  A stone giant (Orc:1)
  Nessos (Orc:2)
  A hydra (D:9)
  Harold (D:7)
  4 orc high priests (Orc:2)
  Urug (Orc:2)
  A salamander mystic (Volcano)
  Pikel (D:7)
  7 orc knights
  A lindwurm (Volcano)
  An ugly thing (D:12)
  2 manticores
  4 salamanders (Volcano)
  A cyclops (D:11)
  7 orc sorcerers
  A black mamba (Lair:3)
  A molten gargoyle (Volcano)
  A rime drake (Lair:3)
  3 gargoyles
  3 spiny frogs
  A kobold demonologist (D:11)
  A komodo dragon (Lair:1)
  3 trolls
  A hornet (D:11)
  2 dream sheep (D:9)
  4 blink frogs (Lair:3)
  8 hippogriffs
  2 wraiths (D:12)
  34 yaks
  3 shadows (D:12)
  5 fire bats (Volcano)
  2 hungry ghosts (D:10)
  2 fire elementals (D:12)
  An acid dragon (D:11)
  4 wargs
  4 water moccasins
  Duvessa (D:7)
  5 porcupines
  A hell hound (D:12)
  2 eyes of draining
  25 orc warriors
  4 ice beasts
  A sky beast (D:6)
  2 black bears
  15 ogres
  4 slaves (D:7)
  5 centaurs
  A phantom (D:8)
  24 wolves
  8 crocodiles
  6 big kobolds
  6 bullfrogs
  Dowan (D:7)
  A water moccasin zombie (D:8)
  3 scorpions
  25 killer bees
  14 wights
  8 howler monkeys
  An electric eel (Lair:1)
  7 lava snakes (Volcano)
  2 bullfrog zombies
  6 crimson imps
  4 jellies
  8 hounds
  27 orc wizards
  25 orc priests
  2 bullfrog skeletons
  Ijyb (D:3)
  7 worker ants
  A hound zombie (D:5)
  A hound skeleton (D:11)
  2 howler monkey zombies
  10 adders
  4 gnolls (D:9)
  9 river rats
  An ooze (Sewer)
  2 adder skeletons
  4 worms
  10 leopard geckos
  69 orcs
  6 ball pythons
  8 giant cockroaches
  5 goblins
  3 hobgoblins
  6 jackals
  36 kobolds
  5 quokkas
  6 bats
  3 frilled lizards
  22 rats
586 creatures vanquished.

Vanquished Creatures (others)
  An orc wizard (Orc:2)
  4 fungi (Lair:3)
  2 plants
  5 toadstools (D:2)
12 creatures vanquished.

Grand Total: 598 creatures vanquished

Notes
Turn   | Place    | Note
-------+----------+-------------------------------------------
     0 | D:1      | Johnny the Demigod Earth Elementalist began the quest for
                  | the Orb.
     0 | D:1      | Reached XP level 1. HP: 14/14 MP: 5/5
   464 | D:1      | Reached XP level 2. HP: 20/20 MP: 7/7
  1406 | D:2      | Reached XP level 3. HP: 26/26 MP: 9/9
  2303 | D:3      | Reached XP level 4. HP: 29/33 MP: 7/10
  2439 | D:3      | Found an opulent altar of Gozag.
  2876 | D:3      | Found a burning altar of Makhleb.
  2882 | D:3      | Noticed Ijyb
  2890 | D:3      | Killed Ijyb
  2890 | D:3      | Reached XP level 5. HP: 36/38 MP: 12/12
  3032 | D:4      | Found a runed translucent gate.
  3032 | D:4      | Found a runed translucent gate.
  3032 | D:4      | Found a runed translucent gate.
  3033 | D:4      | Noticed pepi55's ghost (novice DrFE)
  3034 | D:4      | Identified the +6 spear "Jerruvec" {vorpal, *Drain +Blink
                  | rN+ MR+ Int+3}
  3034 | D:4      | Identified the +3 ring mail "Vylushro" {Int+4}
  3035 | D:4      | Identified the cursed +0 plate armour of True Grit {rF++
                  | Regen+}
  3035 | D:4      | Noticed an orc warrior
  3037 | D:4      | Found a roughly hewn altar of Beogh.
  3131 | D:4      | Reached skill level 5 in Earth Magic
  3225 | D:4      | You fall into a shaft and drop 2 floors!
  3226 | D:6      | Noticed a sky beast
  3230 | D:6      | Killed a sky beast
  3230 | D:6      | Reached XP level 6. HP: 35/45 MP: 7/14
  3285 | D:5      | Entered Level 5 of the Dungeon
  3422 | D:5      | Found a sparkling altar of Nemelex Xobeh.
  3428 | D:5      | Found a shadowy altar of Dithmenos.
  3538 | D:5      | Noticed a water moccasin
  3542 | D:5      | Killed a water moccasin
  3609 | D:5      | Found a glowing drain.
  3616 | Sewer    | Entered a sewer
  3846 | Sewer    | Reached XP level 7. HP: 34/50 MP: 10/16
  4875 | D:5      | Found a staircase to the Ecumenical Temple.
  5006 | D:5      | Found an ornate altar of the Wu Jian Council.
  5321 | D:5      | Found a hide-covered altar of Uskayaw.
  5321 | D:5      | Found a basalt altar of Yredelemnul.
  5322 | D:5      | Found a glowing silver altar of Zin.
  5550 | D:6      | Noticed a hippogriff
  5554 | D:6      | Killed a hippogriff
  5554 | D:6      | Reached skill level 5 in Spellcasting
  5554 | D:6      | Reached XP level 8. HP: 50/57 MP: 14/19
  5904 | D:6      | Learned a level 3 spell: Stone Arrow
  5910 | D:6      | Learned a level 5 spell: Lee's Rapid Deconstruction
  5915 | D:6      | Learned a level 4 spell: Petrify
  5924 | D:6      | Found a blossoming altar of Fedhas.
  5928 | D:6      | Reached skill level 1 in Shields
  6418 | D:7      | Noticed Harold
  6434 | D:7      | Killed Harold
  6434 | D:7      | Reached XP level 9. HP: 55/62 MP: 16/22
  6537 | D:7      | Noticed Duvessa
  6538 | D:7      | Noticed Dowan
  6546 | D:7      | Killed Duvessa
  6547 | D:7      | Killed Dowan
  6604 | D:7      | Found a white marble altar of Elyvilon.
  6605 | D:7      | Noticed Pikel
  6609 | D:7      | Killed Pikel
  6609 | D:7      | Reached skill level 10 in Earth Magic
  7141 | D:7      | Found a shimmering blue altar of Sif Muna.
  7547 | D:8      | Found a shimmering altar of Xom.
  7548 | D:8      | Found a bloodstained altar of Trog.
  8016 | D:8      | Reached XP level 10. HP: 43/69 MP: 5/24
  8260 | D:8      | Found a staircase to the Lair.
  8275 | D:8      | Reached skill level 5 in Shields
  8816 | D:9      | Found Foucil's Antique Armour Boutique.
  8924 | D:9      | Bought a glowing helmet for 202 gold pieces
  8924 | D:9      | Bought a smoking robe for 153 gold pieces
  8941 | D:9      | Identified the +1 robe of the Tired Shrikes {rN+} (You
                  | bought it in a shop on level 9 of the Dungeon)
  9887 | D:9      | Noticed a two-headed hydra
  9890 | D:9      | Killed a two-headed hydra
 10191 | D:10     | Entered Level 10 of the Dungeon
 10193 | D:10     | Reached XP level 11. HP: 74/74 MP: 16/27
 12022 | D:11     | Found a staircase to the Orcish Mines.
 12157 | D:11     | Reached skill level 10 in Spellcasting
 12599 | D:11     | Found a shattered altar of Ashenzari.
 13312 | D:12     | Reached XP level 12. HP: 78/81 MP: 25/31
 13920 | D:12     | Noticed Azrael
 14063 | Orc:1    | Entered Level 1 of the Orcish Mines
 14840 | Orc:1    | Noticed a stone giant
 15005 | Orc:1    | Killed a stone giant
 15587 | Orc:2    | Entered Level 2 of the Orcish Mines
 15588 | Orc:2    | Noticed Rupert
 15602 | Orc:2    | Paralysed by Rupert for 4 turns
 15614 | Orc:2    | Killed Rupert
 15857 | Orc:2    | Found a roughly hewn altar of Beogh.
 15892 | Orc:2    | Found a staircase to the Elven Halls.
 16118 | Orc:2    | Noticed Urug
 16125 | Orc:2    | Killed Urug
 17296 | Orc:2    | Reached XP level 13. HP: 70/86 MP: 12/34
 17977 | Orc:2    | Noticed Nessos
 17983 | Orc:2    | Killed Nessos
 18373 | Orc:2    | Found Oroawkaxza's Food Boutique.
 18373 | Orc:2    | Found Agreeky's Gadget Shoppe.
 18375 | Orc:2    | Found Piexydgh's Assorted Antiques.
 18375 | Orc:2    | Found Jahos's Antique Armour Shoppe.
 18383 | Orc:2    | Bought a fine leather armour for 189 gold pieces
 18384 | Orc:2    | Bought an embroidered robe for 81 gold pieces
 18384 | Orc:2    | Bought a scroll of identify for 44 gold pieces
 18603 | Orc:2    | Identified the +0 leather armour "Vieg" {+Blink rCorr Dex+3
                  | Slay-5} (You bought it in a shop on level 2 of the Orcish
                  | Mines)
 18777 | Lair:1   | Entered Level 1 of the Lair of Beasts
 19690 | Lair:2   | You fall into a shaft and drop 1 floor!
 19703 | Lair:3   | Reached skill level 10 in Shields
 19979 | Lair:3   | Found a dark tunnel.
 19995 | Volcano  | Entered a volcano
 20466 | Volcano  | Found a bloodstained altar of Trog.
 20857 | Lair:3   | Found a staircase to the Snake Pit.
 20930 | Lair:3   | HP: 4/86 [spiny frog (16)]
 20935 | Lair:3   | HP: 2/86 [spiny frog (12)]
 20938 | Lair:3   | Slain by a spiny frog

Illustrated notes

Levels and vault maps discovered:
D:1:      heliophobic_arrival_glass_houses, layout_loops_ring
D:2:      layout_basic, minmay_gold_behind_fungi
D:3:      layout_rooms, bloody_makhleb,
          nicolae_gozag_cash_rules_everything_around_me, first_ration,
          grunt_ministairs_8, lexackson_kobold_supper, uniq_ijyb
D:4:      layout_loops_ring, biasface_ghost_orc_armoury
D:5:      layout_loops_cross, lemuel_crystal_altar,
          gammafunk_temple_overflow_claw, minitemple, minmay_temple_entry_fiery,
          lightli_sewer_entry_pipes, kennysheep_generic_room_15
D:6:      layout_rooms, fedhas_altar_fruit_tree
D:7:      layout_loops_ring, nicolae_overflow_crystal_walls, led_sif_pool,
          uniq_pikel, uniq_duvessa, uniq_harold
D:8:      layout_basic, chequers_temple_overflow_statue_of_worship,
          erik_lair_orcish_takeover
D:9:      minmay_razor_zed, layout_rooms, serial_shops, shop, hangedman_ranch
          [blue_anna_fruit_fields]
D:10:     layout_rooms, minmay_misc_feat_alley
D:11:     layout_loops_corners, david_orc_4, evilmike_ruin_ashenzari
D:12:     layout_roguey, uniq_azrael
Lair:1:   layout_roguey, infiniplex_staircase_pool
Lair:2:   layout_gridlike, shoals_dummy_entry, infiniplex_staircase_pool_2,
          lemuel_fruit_fields, grunt_megastairs_5
Lair:3:   layout_roguey, guppyfry_snake_entry_garden,
          lightli_volcano_entry_magma_tube, grunt_forest_large_clearings
Orc:1:    layout_caves
Orc:2:    grunt_orc_tribal_feast, layout_caves, david_defended_altar_orc,
          uniq_urug, uniq_rupert, uniq_nessos

Skill      XL: |  1  2  3  4  5  6  7  8  9 10 11 12 13 |
---------------+----------------------------------------+-----
Earth Magic    | 3 4 5 6 8 9 10 11 12 13 | 13.9
Spellcasting   | 2 3 4 5 6 7 8 10 12 13 | 13.2
Shields        | 3 4 6 8 9 10 | 10.4
Dodging        | |  1.7
Stealth        | |  1.7
Transmutations | |  0.8

Action                   |  1- 3 |  4- 6 |  7- 9 | 10-12 | 13-15 || total
-------------------------+-------+-------+-------+-------+-------++-------
Melee: Unarmed           |    24 |       |       |       |       ||    24
       Short sword       |    59 |    82 |   212 |   656 |   104 ||  1113
Throw: Stone             |       |       |       |       |     1 ||     1
 Cast: Sandblast         |    16 |    36 |    93 |   132 |    38 ||   315
       Stone Arrow       |       |       |    20 |   131 |    71 ||   222
       Lee's Rapid Decon |       |       |     5 |    97 |    50 ||   152
       Petrify           |       |       |       |     8 |    10 ||    18
 Abil: Evoke Invisibilit |       |       |       |     1 |     1 ||     2
Evoke: Wand              |       |       |     2 |     7 |     6 ||    15
  Use: Scroll            |       |     6 |     5 |     9 |     3 ||    23
       Potion            |       |       |       |     4 |     6 ||    10
 Stab: Sleeping          |     3 |     1 |     1 |     2 |     2 ||     9
       Paralysed         |       |       |     4 |     7 |       ||    11
       Distracted        |       |       |       |     1 |       ||     1
       Petrified         |       |       |       |     7 |     4 ||    11
       Invisible         |       |       |       |     4 |       ||     4
       Petrifying        |       |       |       |       |     1 ||     1
  Eat: Chunk             |     4 |     5 |    15 |    32 |     7 ||    63
       Ration            |       |       |       |     3 |     3 ||     6
Armor: Robe              |     8 |       |       |       |       ||     8
       Ring mail         |     8 |    43 |   134 |    16 |       ||   201
       Troll leather arm |       |       |       |   262 |    79 ||   341
Dodge: Dodged            |    59 |    61 |   163 |   463 |   183 ||   929
Block: Buckler           |       |       |    17 |   269 |   110 ||   396
